 Dungeon Crawl Stone Soup version 0.18.1-50-g88ac8fd (webtiles) character file.

9259 BabyRage the Fighter (level 11, -4/106 HPs)
             Began as a Naga Necromancer on Oct 17, 2016.
             Was a Believer of Kikubaaqudgha.
             Slain by Joseph
             ... wielding a +1 quarterstaff of protection
              (25 damage)
             ... on level 1 of the Lair of Beasts on Oct 18, 2016.
             The game lasted 00:53:29 (14438 turns).

BabyRage the Fighter (Naga Necromancer)            Turns: 14438, Time: 00:53:29

Health: -4/106     AC: 14    Str: 10    XL:     11   Next: 43%
Magic:  4/20       EV: 14    Int: 18    God:    Kikubaaqudgha [**....]
Gold:   619        SH:  0    Dex: 13    Spells: 7 memorised, 3 levels left

rFire  + . .     SeeInvis +     F - +2 dagger (venom)
rCold  . . .     Gourm    .     a - +0 robe
rNeg   . . .     Faith    .     (no shield)
rPois  +         Spirit   .     (no helmet)
rElec  .         Dismiss  .     y - +1 cloak (curse)
rCorr  .         Reflect  .     d - +2 pair of gloves
SustAt .         Harm     .     (no barding)
MR     +....                    (no amulet)
Stlth  +++.......               j - ring of protection from fire
                                k - +5 ring of protection

@: very slow, somewhat resistant to hostile enchantments, fairly stealthy
A: see invisible, deformed body, poison resistance, slowness 2, slow metabolism
1, spit poison 2, AC +3
a: Spit Poison, Receive Corpses, Renounce Religion


You were on level 1 of the Lair of Beasts.
You worshipped Kikubaaqudgha.
Kikubaaqudgha was pleased with you.
You were hungry.

You visited 3 branches of the dungeon, and saw 13 of its levels.

You collected 619 gold pieces.

Inventory:

Hand Weapons
 F - a +2 dagger of venom (weapon)
Armour
 a - a +0 robe (worn)
 d - a +2 pair of gloves (worn)
 y - a cursed +1 cloak (worn)
 I - a +0 buckler
Jewellery
 j - a ring of protection from fire (right hand)
 k - a +5 ring of protection (left hand)
 v - the ring of the Hart {+Inv rElec rPois Stlth+}
   (You found it on level 4 of the Dungeon)

   [ring of poison resistance]

   It insulates you from electricity.
   It protects you from poison.
   It lets you turn invisible.
   It makes you more stealthy.
Wands
 t - a wand of iceblast (11/15)
 B - a wand of lightning (6/15)
Scrolls
 e - 3 scrolls of teleportation
 n - 3 scrolls of amnesia
 q - 4 scrolls of remove curse
 u - a scroll of recharging
 x - a scroll of fog
 D - 2 scrolls of identify
Potions
 f - a potion of haste
 g - 2 potions of agility
 l - 5 potions of curing
 m - a potion of lignification
 o - a potion of magic
 s - a potion of flight
 z - a potion of degeneration
 E - a potion of brilliance
 H - a potion of might
Books
 b - a book of Necromancy

   Spells                             Type                      Level
   a - Pain                           Necromancy                   1
   b - Animate Skeleton               Necromancy                   1
   c - Vampiric Draining              Necromancy                   3
   d - Regeneration                   Charms/Necromancy            3
   e - Animate Dead                   Necromancy                   4
   f - Control Undead                 Necromancy                   4
 h - a Grand Grimoire

   Spells                             Type                      Level
   a - Monstrous Menagerie            Summoning                    7
   b - Summon Greater Demon           Summoning                    7
   c - Malign Gateway                 Summoning/Translocation      7
   d - Summon Horrible Things         Summoning                    8
 i - Kikubaaqudgha's Volume of Necromancy
   (Kikubaaqudgha gifted it to you on level 8 of the Dungeon)

   Spells                             Type                      Level
   a - Pain                           Necromancy                   1
   b - Corpse Rot                     Necromancy                   2
   c - Sublimation of Blood           Necromancy                   2
   d - Regeneration                   Charms/Necromancy            3
   e - Control Undead                 Necromancy                   4
 r - a book of Maledictions

   Spells                             Type                      Level
   a - Corona                         Hexes                        1
   b - Ensorcelled Hibernation        Hexes/Ice                    2
   c - Confuse                        Hexes                        3
   d - Tukima's Dance                 Hexes                        3
   e - Dazzling Spray                 Conjuration/Hexes            3
Comestibles
 c - a bread ration
 p - 4 meat rations
 w - 9 royal jellies
 A - 3 beef jerkies
 G - 11 fruits


   Skills:
 + Level 9.3 Fighting
 + Level 8.0 Dodging
 - Level 3.0 Stealth
 - Level 6.0 Spellcasting
 - Level 6.5 Hexes
 + Level 8.5 Necromancy


You had 3 spell levels left.
You knew the following spells:

 Your Spells              Type           Power        Failure   Level  Hunger
a - Pain                  Necr           ####         1%          1    None
b - Animate Skeleton      Necr           N/A          1%          1    None
c - Vampiric Draining     Necr           #####.....   1%          3    ##.....
d - Animate Dead          Necr           N/A          3%          4    ####...
e - Control Undead        Necr           #####.....   3%          4    ####...
f - Confuse               Hex            ####....     2%          3    ##.....
g - Tukima's Dance        Hex            ####....     2%          3    ##.....


Dungeon Overview and Level Annotations

Branches:
Dungeon (11/15)            Temple (1/1) D:6            Lair (1/8) D:11
    Orc (0/2) D:10

Altars:
Ashenzari
Cheibriados
Dithmenos
Elyvilon
Fedhas
Gozag
Kikubaaqudgha
Makhleb
Nemelex Xobeh
Okawaru
Pakellas
Qazlal
Ru
Sif Muna
Trog
Vehumet
Xom
Yredelemnul
Zin
The Shining One

Shops:
D:11 (:

Annotations:
D:2 exclusion: 2 downstairs
D:3 Dexcius's ghost, amateur MiBe; Grinder
D:5 Dexcius's ghost, novice MiBe
D:9 Raawgnar's ghost, journeyman DsAK
Lair:1 Joseph


Innate Abilities, Weirdness & Mutations

You cannot wear boots.
Your serpentine skin is tough (AC +3).
You have supernaturally acute eyesight.
Armour fits poorly on your strangely shaped body.
Your system is resistant to poisons.
You cover ground very slowly.
You have a slow metabolism.
You can spit poison.


Message History

You hit Joseph but do no damage.
Joseph is poisoned.
Joseph is moderately wounded.
Joseph hits you with an uncursed quarterstaff of protection!
* * * LOW HITPOINT WARNING * * *
Your komodo dragon zombie bites Joseph!
Your crocodile zombie closely misses Joseph.
The river rat moves out of view.
The porcupine bites your crocodile zombie.
You hit Joseph but do no damage.
Joseph is heavily wounded.
Joseph closely misses you.
The porcupine bites your crocodile zombie.
Your komodo dragon zombie bites Joseph!!
Your crocodile zombie bites Joseph!
Joseph barely misses you.
The porcupine barely misses your crocodile zombie.
Your crocodile zombie bites Joseph!
The porcupine bites your crocodile zombie!
Joseph hits you with an uncursed quarterstaff of protection!!
You die...
Kikubaaqudgha rasps: "You have failed me!
Welcome... death!"

### ..# #.. #.#
##.## #
#####P@.#.####.
#.....@ZZ......
##..##Z.####.##
#. #.rr # ...#r
....r.r ######
##


You could see Joseph (berserk), a porcupine, 4 river rats, a friendly iguana
zombie, a friendly komodo dragon zombie and a friendly crocodile zombie.

Vanquished Creatures
  An ugly thing (D:11)
  A manticore (D:11)
  A centaur zombie (D:11)
  2 trolls
  A slime creature (D:10)
  A shadow (D:11)
  A wyvern (D:10)
  4 yaks (D:11)
  A hippogriff (D:8)
  A hungry ghost (D:11)
  3 soldier ants
  A water moccasin (D:9)
  3 orc warriors
  3 sky beasts
  2 black bears
  5 ogres
  An eye of draining (D:9)
  4 centaurs
  A phantom (D:4)
  6 giant frogs
  A wyvern zombie (D:10)
  A scorpion (D:6)
  A wyvern skeleton (D:7)
  12 killer bees
  7 wights
  3 crimson imps
  A wasp zombie (D:11)
  A giant frog zombie (D:5)
  2 jellies
  8 orc wizards
  5 orc priests
  2 giant frog skeletons
  Jessica (D:3)
  5 iguanas
  22 worker ants
  5 gnolls
  18 adders
  An ooze (D:4)
  3 worms (D:2)
  4 dart slugs
  10 giant geckos
  31 orcs
  2 giant cockroaches
  10 goblins
  5 hobgoblins
  2 jackals (D:2)
  8 quokkas
  9 bats
  2 giant newts
  2 kobolds
  8 rats
235 creatures vanquished.

Vanquished Creatures (collateral kills)
  An orc knight (D:10)
  A hill giant (D:11)
  A cyclops (D:11)
  A centaur skeleton (D:11)
  A hungry ghost (D:11)
  A sky beast (D:6)
  A phantom (D:5)
  A centaur (D:6)
  2 ogres
  A crocodile (D:10)
  A giant frog (D:6)
  A scorpion (D:11)
  2 killer bees (D:11)
  2 wights (D:9)
  3 crimson imps
  A giant frog skeleton (D:11)
  An iguana (D:10)
  A worker ant (D:9)
  A hound zombie (D:8)
  2 gnolls (D:10)
  2 adders
  3 shadow imps
  An adder skeleton (D:5)
  A worm (D:8)
  A giant gecko (D:2)
  An orc (D:6)
  2 goblins
  A hobgoblin (D:1)
  A quokka (D:6)
  3 bats
42 creatures vanquished.

Vanquished Creatures (others)
  5 dancing weapons
  A giant cockroach (D:6)
  A quokka (D:3)
  A giant newt (D:6)
8 creatures vanquished.

Grand Total: 285 creatures vanquished

Notes
Turn   | Place    | Note
--------------------------------------------------------------
     0 | D:1      | BabyRage the Naga Necromancer began the quest for the Orb.
     0 | D:1      | Reached XP level 1. HP: 15/15 MP: 3/3
     2 | D:1      | Learned a level 1 spell: Animate Skeleton
   308 | D:1      | Reached XP level 2. HP: 21/22 MP: 1/5
   587 | D:1      | Reached XP level 3. HP: 23/28 MP: 3/6
   797 | D:1      | Learned a level 3 spell: Vampiric Draining
  1116 | D:2      | Reached XP level 4. HP: 25/36 MP: 0/8
  1567 | D:2      | Reached skill level 5 in Necromancy
  1700 | D:2      | Learned a level 4 spell: Animate Dead
  1714 | D:3      | Noticed Grinder
  1730 | D:3      | Found a white marble altar of Elyvilon.
  1802 | D:3      | Reached XP level 5. HP: 41/42 MP: 6/10
  1972 | D:3      | Noticed Dexcius's ghost (amateur MiBe)
  2116 | D:3      | Found a burning altar of Makhleb.
  2613 | D:3      | Noticed Jessica
  2619 | D:3      | Killed Jessica
  2642 | D:3      | Found a deep blue altar of Sif Muna.
  3197 | D:3      | Reached XP level 6. HP: 43/49 MP: 8/12
  3233 | D:4      | Found a blossoming altar of Fedhas.
  3239 | D:4      | Found a sparkling altar of Nemelex Xobeh.
  3465 | D:4      | Learned a level 4 spell: Control Undead
  3605 | D:4      | Got a faintly glowing bronze ring
  3614 | D:4      | Found a glowing golden altar of the Shining One.
  3859 | D:4      | Found a stormy altar of Qazlal.
  4180 | D:5      | Entered Level 5 of the Dungeon
  4184 | D:5      | Reached XP level 7. HP: 53/55 MP: 11/14
  4256 | D:5      | Reached skill level 5 in Spellcasting
  4320 | D:5      | Noticed Dexcius's ghost (novice MiBe)
  4589 | D:5      | Identified the ring of the Hart {+Inv rElec rPois Stlth+} (You found it on level 4 of the Dungeon)
  5363 | D:5      | Reached XP level 8. HP: 47/62 MP: 16/16
  5441 | D:5      | Learned a level 3 spell: Confuse
  5612 | D:6      | Reached skill level 1 in Hexes
  5709 | D:6      | Found an oddly glowing altar of Pakellas.
  6687 | D:6      | Found a staircase to the Ecumenical Temple.
  6696 | Temple   | Entered the Ecumenical Temple
  6745 | Temple   | Became a worshipper of Kikubaaqudgha
  6861 | D:6      | Reached skill level 5 in Hexes
  7031 | D:6      | Reached XP level 9. HP: 63/68 MP: 11/18
  7120 | D:6      | Learned a level 3 spell: Tukima's Dance
  7536 | D:7      | Reached skill level 1 in Fighting
  7740 | D:7      | Reached skill level 2 in Fighting
  8266 | D:8      | Found a burning altar of Makhleb.
  8273 | D:8      | Got a polished trident
  8274 | D:8      | Identified the +4 trident of Strategic Superiority {pierce, rF- Str-4 Dex+8} (You found it on level 8 of the Dungeon)
  8288 | D:8      | Reached skill level 3 in Fighting
  8327 | D:8      | Reached * piety under Kikubaaqudgha
  8327 | D:8      | Received a gift from Kikubaaqudgha
  8328 | D:8      | Identified Kikubaaqudgha's Volume of Necromancy (Kikubaaqudgha gifted it to you on level 8 of the Dungeon)
  8335 | D:8      | Found a sacrificial altar of Ru.
  8599 | D:8      | Reached skill level 4 in Fighting
  8861 | D:8      | Found a radiant altar of Vehumet.
  8861 | D:8      | Found a basalt altar of Yredelemnul.
  8866 | D:8      | Found an iron altar of Okawaru.
  9064 | D:9      | Noticed Raawgnar's ghost (journeyman DsAK)
  9111 | D:8      | Reached skill level 5 in Fighting
  9438 | D:9      | Reached XP level 10. HP: 88/88 MP: 19/19
  9577 | D:9      | Reached skill level 5 in Dodging
  9615 | D:9      | Reached skill level 6 in Fighting
 10187 | D:9      | Found a shimmering altar of Xom.
 10984 | D:10     | Entered Level 10 of the Dungeon
 11310 | D:10     | Found a staircase to the Orcish Mines.
 11345 | D:10     | Reached skill level 7 in Fighting
 11679 | D:10     | Noticed an orc knight
 11706 | D:10     | Killed an orc knight
 12651 | D:11     | Reached skill level 8 in Fighting
 12866 | D:11     | Reached XP level 11. HP: 60/103 MP: 17/20
 12996 | D:11     | Reached ** piety under Kikubaaqudgha
 13413 | D:11     | Noticed a brown ugly thing
 13427 | D:11     | Killed a brown ugly thing
 13502 | D:11     | Found Ilybeuh's Book Shoppe.
 13596 | D:11     | Noticed a cyclops
 13687 | D:11     | Noticed a manticore
 13722 | D:11     | Killed a manticore
 13722 | D:11     | Reached skill level 9 in Fighting
 13990 | D:11     | Killed a cyclops
 14024 | D:11     | Noticed a hill giant
 14040 | D:11     | Killed a hill giant
 14056 | D:11     | Found Monnool's Weapon Emporium.
 14221 | D:11     | Found a staircase to the Lair.
 14421 | Lair:1   | Entered Level 1 of the Lair of Beasts
 14421 | Lair:1   | Noticed Joseph
 14438 | Lair:1   | Slain by Joseph

Skill      XL: |  1  2  3  4  5  6  7  8  9 10 11 |
---------------+----------------------------------+-----
Spellcasting   | 3 4 5 6 |  6.0
Necromancy     | 5 6 7 8 |  8.5
Hexes          | 5 6 |  6.5
Fighting       | 5 8 9 |  9.3
Dodging        | 4 7 8 |  8.0
Stealth        | |  3.0

Action                   |  1- 3 |  4- 6 |  7- 9 | 10-12 || total
-------------------------+-------+-------+-------+-------++-------
Melee: Dagger            |    21 |    22 |   350 |   741 ||  1134
 Cast: Pain              |    35 |   103 |    99 |     5 ||   242
       Animate Skeleton  |    10 |    16 |    28 |    20 ||    74
       Vampiric Draining |     1 |     2 |    58 |    12 ||    73
       Control Undead    |       |       |     2 |     3 ||     5
       Confuse           |       |       |     7 |    53 ||    60
       Animate Dead      |       |       |     4 |     6 ||    10
       Tukima's Dance    |       |       |       |    15 ||    15
Invok: Receive Corpses   |       |       |     2 |     5 ||     7
 Abil: Spit Poison       |     6 |    14 |    25 |     4 ||    49
  Use: Scroll            |     3 |    10 |     6 |     8 ||    27
       Potion            |       |       |       |     7 ||     7
 Stab: Sleeping          |     2 |     7 |     3 |     2 ||    14
       Confused          |       |       |     2 |    30 ||    32
       Distracted        |       |       |     2 |     2 ||     4
  Eat: Chunk             |     1 |     4 |     9 |     6 ||    20
       Bread ration      |       |     1 |     3 |     3 ||     7
Armor: Robe              |    14 |    17 |   198 |   273 ||   502
       Skin              |       |       |       |    43 ||    43
Dodge: Dodged            |    21 |    31 |   184 |   404 ||   640
